 Dungeon Crawl Stone Soup version 0.30-a0-883-g5ad918d77d (webtiles) character file.

Game seed: 3712065310667171156

100 lunkers the Conjurer (level 5, 0/31 (41) HPs)
             Began as a Meteoran Reaver on Mar 17, 2023.
             Slain by Natasha (8 damage)
             ... on level 2 of the Dungeon.
             The game lasted 00:02:14 (606 turns).

lunkers the Conjurer (Meteoran Reaver)               Turns: 606, Time: 00:02:15

HP:   0/31 (41)     AC:  3    Str: 14    XL:     5   Next: 24%
MP:   8/10          EV: 12    Int: 16    God:
Gold: 57            SH:  0    Dex: 12    Spells: 3/9 levels left

rFire   . . .      SeeInvis .    e - staff of conjuration
rCold   . . .      Faith    .    (no shield)
rNeg    . . .      Spirit   .    b - +0 leather armour
rPois   .          Reflect  .    (no helmet)
rElec   .          Rampage  .    (no cloak)
rCorr   .                        (no gloves)
Will    .....                    (no boots)
Stlth   +                        (no amulet)
HPRegen 0.25/turn                (no ring)
MPRegen 0.12/turn                (no ring)

@: glowing, heavily drained
A: sense surroundings 1, otherworldly, glowing, explore regen
a: no special abilities


You were on level 2 of the Dungeon.
You visited 1 branch of the dungeon, and saw 2 of its levels.

You collected 57 gold pieces.

Inventory:

Hand Weapons
 a - a +0 mace
Armour
 b - a +0 leather armour (worn)
Magical Staves
 e - a staff of conjuration (weapon)
Scrolls
 f - 2 scrolls of vulnerability {unknown}
 g - a scroll of identify {unknown}
 h - a scroll of poison {unknown}
Potions
 c - a potion of curing {unknown}
 d - a potion of attraction {unknown}


   Skills:
 - Level 2.1 Fighting
 - Level 4.2(4.9) Maces & Flails
 + Level 3.0(4.0) Staves
 - Level 2.4 Dodging
 - Level 2.6 Spellcasting
 + Level 4.9 Conjurations
 + Level 1.3 Ice Magic


You had 3 spell levels left.
You knew the following spells:

 Your Spells              Type           Power      Damage    Failure   Level
b - Momentum Strike       Conj/Tloc      30%        3d8       14%         2
c - Hailstorm             Conj/Ice       18%        3d6       21%         3
p - Kiss of Death         Conj/Necr      60%        2d10      9%          1

Your spell library contained the following spells:

 Spells                   Type           Power      Damage    Failure   Level


Dungeon Overview and Level Annotations

Branches:
Dungeon (2/15) Zot: 586

Altars:

Annotations:
D:2 Natasha


Innate Abilities, Weirdness & Mutations

You passively map a small area around you.
You are easily found by Zot.
You glow in the dark.
You regain HP and MP as you explore.


Message History

You resist with some effort. The rat misses you.
You hit Natasha.
Natasha is moderately wounded.
Natasha stares at you and mumbles some strange words.
The magic dart hits you. The rat bites you.
You hit Natasha.
You blast Natasha.
Natasha is heavily wounded.
Natasha claws you but does no damage. The rat closely misses you.
The white imp hits you but does no damage.
You barely miss Natasha.
Natasha is heavily wounded.
Natasha claws you.
* * * LOW HITPOINT WARNING * * *
The rat bites you.
* * * LOW HITPOINT WARNING * * *
The white imp hits you.
* * * LOW HITPOINT WARNING * * *
The white imp freezes you.
* * * LOW HITPOINT WARNING * * *
Casting: Kiss of Death (safe; 10% risk of failure)
Confirm with . or Enter, or press ? or * to list all spells.
Aiming: Kiss of Death (safe; 10% risk of failure)
Press: ? - help, Shift-Dir - straight line, f - Natasha
Aim: Natasha (heavily wounded, 100% to hit)
You feel a surge of power!
The negative energy hits Natasha!
Natasha is drained!
You kill Natasha!
Natasha growls in agony!
The white imp disappears in a puff of smoke!
You feel drained.
Natasha, Servant of Life and Death comes into view.
The rat bites you but does no damage.
Your base Staves skill increases to level 3!
Your Ice Magic skill increases to level 1!
You have reached level 5!
You hit the rat.
You kill the rat!
You see here 12 gold pieces.
Natasha claws you!
You die...

....#...## ##...##......, ,
.#.....## ###...#...## * *
.##.....# #.#(....#..### *
, .......#####........#....
.......................## .
.......#####....<..........
, ...#...# #..........##...
........, #...h.....##).#
......... ##....@....#..# *
, , ....(...$..[..# ,
###.......?.### , ,
#..........# =...........#
* ##......)...... * ,
###.......#.....,, , , *
#......####.... * , ,
#.###..# ....


You could see Natasha.

Vanquished Creatures
  Terence (D:2)
  Natasha (twice) (D:2)
  A ball python (D:1)
  6 endoplasms
  2 giant cockroaches (D:1)
  A goblin (D:1)
  2 hobgoblins
  3 jackals (D:1)
  A quokka (D:1)
  2 kobolds (D:1)
  2 rats
23 creatures vanquished.

Notes
Turn   | Place    | Note
-------+----------+-------------------------------------------
     0 | D:1      | lunkers the Meteoran Reaver began the quest for the Orb.
     0 | D:1      | Reached XP level 1. HP: 17/17 MP: 5/5
   235 | D:1      | Reached XP level 2. HP: 18/24 MP: 6/6
   388 | D:1      | Reached skill level 1 in Staves
   450 | D:1      | Reached XP level 3. HP: 15/29 MP: 8/8
   477 | D:1      | Learned a level 2 spell: Momentum Strike
   481 | D:1      | Learned a level 3 spell: Hailstorm
   493 | D:1      | Glimpsed the power of Zot.
   543 | D:1      | Glimpsed the power of Zot.
   547 | D:2      | Noticed Terence
   554 | D:2      | Killed Terence
   555 | D:2      | Reached XP level 4. HP: 19/31 MP: 4/9
   561 | D:2      | Found a faded altar of an unknown god.
   562 | D:2      | Noticed Natasha
   569 | D:2      | Killed Natasha
   593 | D:2      | Noticed Natasha
   602 | D:2      | Killed Natasha
   602 | D:2      | Noticed Natasha
   603 | D:2      | Reached skill level 1 in Ice Magic
   603 | D:2      | Reached XP level 5. HP: 7/31 MP: 8/10
   606 | D:2      | Slain by Natasha

Illustrated notes

Levels and vault maps discovered:
D:1:      scummos_arrival_checkerplants, layout_basic, bh_walls_and_bars
D:2:      layout_rooms, hellmonk_ecumenical_altar_crossroads, basic_altar,
          uniq_terence, uniq_natasha

Skill      XL: |  1  2  3  4 |
---------------+-------------+-----
Staves         | 1 2 3 |  3.0
Conjurations   | 4 |  4.9
Ice Magic      | 1 |  1.3
Fighting       | |  2.1
Maces & Flails | |  4.2
Dodging        | |  2.4
Spellcasting   | |  2.6

Action                     |  1- 3 |  4- 6 || total
---------------------------+-------+-------++-------
  Melee: Mace              |    14 |       ||    14
         Staff             |    68 |    12 ||    80
   Cast: Kiss of Death     |     2 |     2 ||     4
         Momentum Strike   |     1 |     1 ||     2
 Armour: Leather armour    |    29 |     4 ||    33
  Dodge: Dodged            |    37 |     7 ||    44

Table legend: (Time is in decaauts)
 A = Elapsed time spent in this place.
 B = Non-inter-level travel time spent in this place.
 C = Inter-level travel time spent in this place.
 D = Time resting spent in this place.
 E = Time spent auto-exploring this place.
 F = Levels seen in this place.
 G = Mean time per level.
                   A        B        C        D        E       F      G
               +--------+--------+--------+--------+--------+-----+--------+
         Total |    612 |    563 |     49 |      0 |    350 |   2 |  306.0 |
       Dungeon |    612 |    563 |     49 |      0 |    350 |   2 |  306.0 |
               +--------+--------+--------+--------+--------+-----+--------+

Top non-repeatable levels by time:
     D:1: 553 daAuts
     D:2: 58 daAuts
